 Dungeon Crawl Stone Soup version 0.24-a0-57-gac335f2 (webtiles) character file.

Game seed: 7920932296884329207

18 Amnesiac the Conjurer (level 2, -1/15 HPs)
             Began as a Tengu Conjurer on Feb 4, 2019.
             Slain by an ogre
             ... wielding a +0 giant club
              (16 damage)
             ... on level 3 of the Dungeon.
             The game lasted 00:01:53 (414 turns).

Amnesiac the Conjurer (Tengu Conjurer)               Turns: 414, Time: 00:01:54

Health: -1/15      AC:  2    Str:  8    XL:     2   Next: 66%
Magic:  0/6        EV: 12    Int: 15    God:
Gold:   32         SH:  0    Dex: 14    Spells: 2/5 levels left

rFire    . . .     SeeInvis .   a - +0 hunting sling
rCold    . . .     Gourm    .   (no shield)
rNeg     . . .     Faith    +   b - +0 robe
rPois    .         Spirit   .   (helmet restricted)
rElec    .         Reflect  .   (no cloak)
rCorr    .         Harm     .   (no gloves)
MR       .....                  (boots unavailable)
Stlth    ++........             i - amulet of faith
HPRegen  0.05/turn              (no ring)
MPRegen  0.10/turn              (no ring)

@: no status effects
A: beak, talons 3
a: no special abilities


You were on level 3 of the Dungeon.
You were not hungry.

You visited 1 branch of the dungeon, and saw 3 of its levels.

You collected 32 gold pieces.

Inventory:

Hand Weapons
 a - a +0 hunting sling (weapon)
Missiles
 d - 34 stones (quivered)
Armour
 b - a +0 robe (worn)
Jewellery
 i - an amulet of faith (around neck)
Scrolls
 e - 2 scrolls of teleportation {!r, unknown}
 f - a scroll of remove curse {!r, unknown}
 h - a scroll of fear {!r, unknown}
Comestibles
 c - 2 rations
 g - 2 chunks of flesh


   Skills:
 - Level 2.1 Dodging
 - Level 2.0 Stealth
 + Level 2.3 Spellcasting
 - Level 6.0 Conjurations


You had 2 spell levels left.
You knew the following spells:

 Your Spells              Type           Power        Failure   Level  Hunger
a - Magic Dart            Conj           ###.         1%          1    #......
e - Searing Ray           Conj           ###...       2%          2    ###....

Your spell library contained the following spells:

 Spells                   Type           Power        Failure   Level  Hunger
 Dazzling Spray           Conj/Hex       ##....       19%         3    ###....
 Iskenderun's Mystic Bla  Conj           ###.....     19%         4    #####..
 Force Lance              Conj/Tloc      ##......     52%         4    #####..
 Fulminant Prism          Conj/Hex       ##........   52%         4    #####..


Dungeon Overview and Level Annotations

Branches:
Dungeon (3/15)

Altars:

Annotations:
D:3 exclusion: upstairs


Innate Abilities, Weirdness & Mutations

You have a beak for a mouth.
You have claws for feet.


Message History

There is a stone staircase leading up here.
You see here a dart slug corpse.
You butcher the dart slug corpse.
g - 4 chunks of flesh (gained 1)
There is a stone staircase leading up here.
Some of the chunks of flesh in your inventory have rotted away.
d - 33 stones (gained 1)
h - a scroll labeled HIEQAB MESIVITARPH {!r}
e - 2 scrolls labeled DOOKEM SOMO {!r} (gained 1) Some of the chunks of flesh in your inventory have rotted away.
d - 34 stones (gained 1)
Found a tiny lapis lazuli amulet.
You now have 26 gold pieces (gained 13).
d - 35 stones (gained 1)
There is a stone staircase leading down here.
Found 6 gold pieces.
Found a ration.
i - a tiny lapis lazuli amulet Put on which piece of jewellery? (? for menu, Esc to quit)
You feel a strange surge of divine interest.
i - an amulet of faith (around neck)
You now have 32 gold pieces (gained 6).
c - 2 rations (gained 1)
An ogre comes into view. It is wielding a +0 giant club.
Casting: Magic Dart (safe; 1% risk of failure)
Confirm with . or Enter, or press ? or * to list all spells.
You can't see any susceptible monsters within range! (Use Z to cast anyway.)
Casting: Magic Dart (safe; 1% risk of failure)
Confirm with . or Enter, or press ? or * to list all spells.
You can't see any susceptible monsters within range! (Use Z to cast anyway.) Firing (i - inventory)
d - 35 stones (quivered)
Press: ? - help, Shift-Dir - straight line, f - ogre
Aim: an ogre, wielding a +0 giant club (hasn't noticed you)
You shoot a stone. The ogre shouts!
The stone hits the ogre.
The ogre is lightly wounded.
Unknown command.
Casting: Magic Dart (safe; 1% risk of failure)
Confirm with . or Enter, or press ? or * to list all spells.
Aiming: Magic Dart (safe; 1% risk of failure)
Press: ? - help, Shift-Dir - straight line, f/p - ogre
Aim: an ogre, wielding a +0 giant club (lightly wounded)
The magic dart hits the ogre.
The ogre is lightly wounded.
A giant cockroach comes into view.
Unknown command.
Casting: Magic Dart (safe; 1% risk of failure)
Confirm with . or Enter, or press ? or * to list all spells.
Aiming: Searing Ray (safe; 2% risk of failure)
Press: ? - help, Shift-Dir - straight line, f/p - ogre
Aim: an ogre, wielding a +0 giant club (lightly wounded)
The searing ray hits the ogre.
The ogre is moderately wounded. (Press . to maintain the ray.)
The searing ray hits the ogre.
The ogre is moderately wounded.
The searing ray hits the ogre.
The ogre is heavily wounded.
The searing ray hits the ogre!
The ogre is almost dead.
You finish channeling your searing ray.
The ogre hits you with a +0 giant club!
Ouch! That really hurt!
You die...

........<<.......
...>.............##
..........(........
.....≈............#
.....≈######.#.#..#
..≈..≈##.......#..#
.>..≈≈....##...#..#
#..≈≈≈##..##...O..######
#...≈≈....##.#..@.......
#....≈....#.............
#.##.###..#...........#.
..........#..s...####.#
#.##.###.........####.#
..##.# #####..........#
..##.# #.+.#.###### ..
#.# ......... #.#
......#.###


You could see an ogre and a giant cockroach.

Vanquished Creatures
  An adder (D:3)
  A dart slug (D:3)
  2 bats (D:2)
  2 hobgoblins
  A frilled lizard (D:2)
  A rat (D:3)
8 creatures vanquished.

Notes
Turn   | Place    | Note
-------+----------+-------------------------------------------
     0 | D:1      | Amnesiac the Tengu Conjurer began the quest for the Orb.
     0 | D:1      | Reached XP level 1. HP: 10/10 MP: 4/4
   116 | D:2      | Found a faded altar of an unknown god.
   241 | D:3      | Reached skill level 6 in Conjurations
   241 | D:3      | Reached XP level 2. HP: 15/15 MP: 0/6
   245 | D:3      | Learned a level 2 spell: Searing Ray
   408 | D:3      | Noticed an ogre
   414 | D:3      | Slain by an ogre

Vault maps used:
D:1:      minmay_arrival_shattered_statue, moated_statue, feat_on_display
D:2:      kennysheep_vampire_church, first_ration,
          chequers_ecumenical_altar_island, uniq_sigmund
D:3:      ashenzari_altar_1, chequers_serial_rivers_micro_e

Skill      XL: |  1 |
---------------+----+-----
Conjurations   | 6 |  6.0
Dodging        | |  2.1
Stealth        | |  2.0
Spellcasting   | |  2.3

Action                   || total
-------------------------++-------
 Fire: Hunting sling     ||    14
 Cast: Magic Dart        ||    13
       Searing Ray       ||     2
Armor: Robe              ||     5
Dodge: Dodged            ||    10

Table legend:
 A = Non-vault XP
 B = Vault XP
 C = Vault XP percentage of total XP
 D = Non-vault monster count
 E = Vault monster count
 F = Vault count percentage of total count
                 A         B        C        D         E       F
            +---------+---------+-------+---------+---------+-------
      Total |      26 |       0 |   0.0 |       8 |       0 |   0.0
            +---------+---------+-------+---------+---------+-------
        D:1 |       2 |       0 |   0.0 |       1 |       0 |   0.0
        D:2 |       6 |       0 |   0.0 |       4 |       0 |   0.0
        D:3 |      18 |       0 |   0.0 |       3 |       0 |   0.0
            +---------+---------+-------+---------+---------+-------
